 Dungeon Crawl Stone Soup version 0.22.1-1-ga44c0e56f4 (webtiles) character file.

534 Jerry the Slasher (level 6, -1/52 HPs)
             Began as a Demigod Fighter on Oct 7, 2018.
             Slain by Edmund
             ... wielding a +2 flail of protection
              (8 damage)
             ... on level 4 of the Dungeon.
             The game lasted 00:09:16 (3391 turns).

Jerry the Slasher (Demigod Fighter)                 Turns: 3391, Time: 00:09:16

Health: -1/52      AC:  6    Str: 23    XL:     6   Next: 74%
Magic:  8/8        EV:  8    Int: 12    God:
Gold:   161        SH: 10    Dex: 15    Spells: 5/5 levels left

rFire    + . .     SeeInvis +   a - +0 long sword
rCold    + . .     Gourm    .   c - +0 shield
rNeg     . . .     Faith    .   w - +2 leather armour {rC+}
rPois    .         Spirit   .   (no helmet)
rElec    .         Reflect  .   (no cloak)
rCorr    .         Harm     .   k - +0 pair of gloves
MR       .....                  (no boots)
Stlth    +.........             (no amulet)
HPRegen  0.17/turn              n - ring of see invisible
MPRegen  0.11/turn              (no ring)

@: no status effects
A: fire resistance 1, high mp 1, MP-powered wands
a: no special abilities


You were on level 4 of the Dungeon.
You were very hungry.

You visited 1 branch of the dungeon, and saw 4 of its levels.

You collected 161 gold pieces.

Inventory:

Hand Weapons
 a - a +0 long sword (weapon)
 h - a +0 dagger of speed
Missiles
 r - 19 poisoned needles
Armour
 b - a +0 scale mail
 c - a +0 shield (worn)
 k - a +0 pair of gloves (worn)
 w - a +2 leather armour of cold resistance (worn)
Jewellery
 n - a ring of see invisible (left hand)
Scrolls
 g - 2 scrolls of identify
 l - 2 scrolls of teleportation {unknown}
 m - a scroll of enchant weapon {unknown}
 o - a scroll of immolation {unknown}
 p - a scroll of fear {unknown}
 q - a scroll of remove curse {unknown}
 s - a scroll of random uselessness {unknown}
 u - a scroll of fog {unknown}
Potions
 d - a potion of curing
 e - 5 potions of brilliance
 j - a potion of cancellation
 t - 2 potions of heal wounds {unknown}
 v - a potion of resistance {unknown}
Comestibles
 f - a ration


   Skills:
 + Level 4.0 Fighting
 - Level 0.1(2.8) Short Blades
 * Level 4.6 Long Blades
 + Level 4.0 Armour
 - Level 0.1 Dodging
 + Level 3.9 Shields


You had 5 spell levels left.
You didn't know any spells.
Your spell library was empty.

Dungeon Overview and Level Annotations

Branches:
Dungeon (4/15)
 Temple: D:4-7

Annotations:
D:4 Edmund


Innate Abilities, Weirdness & Mutations

You have an increased reservoir of magic. (+10% MP)
Your flesh is heat resistant. (rF+)
You expend magic power (3 MP) to strengthen your wands.


Message History

You block Edmund's attack.
You barely miss Edmund.
Edmund is severely wounded.
You hit Edmund but do no damage.
Edmund is severely wounded.
Edmund hits you with a flail of protection.
* * * LOW HITPOINT WARNING * * *
You hit Edmund but do no damage.
Edmund is severely wounded.
You feel yourself slow down.
Edmund says, "I might not be good at magic, but I can still kill you!"
Edmund barely misses you.
You closely miss Edmund.
Edmund is severely wounded.
Edmund hits you with a flail of protection!
* * * LOW HITPOINT WARNING * * *
You hit Edmund but do no damage.
Edmund is severely wounded.
Edmund hits you with a flail of protection!
You die...

....# ....# ....#
....# ....# ....#
#########@...#..
#......)@.......
#.##############
#.# .. #.# ###.#
#.# ..#.#
#.#############.#.#
#.............#.#.#
#############.#.#.#
########## #.#.#.##


You could see Edmund.

Vanquished Creatures
  Sigmund (D:3)
  Duvessa (D:4)
  Dowan (D:4)
  A scorpion (D:3)
  A hound (D:4)
  An iguana (D:4)
  5 adders
  2 dart slugs (D:1)
  2 leopard geckos
  2 orcs
  6 giant cockroaches
  10 goblins
  9 hobgoblins
  8 kobolds
  4 quokkas
  7 bats
  4 frilled lizards
  7 rats
72 creatures vanquished.

Notes
Turn   | Place    | Note
-------+----------+-------------------------------------------
     0 | D:1      | Jerry the Demigod Fighter began the quest for the Orb.
     0 | D:1      | Reached XP level 1. HP: 18/18 MP: 3/3
   122 | D:1      | Reached XP level 2. HP: 24/25 MP: 4/4
   569 | D:1      | Reached XP level 3. HP: 30/30 MP: 5/5
  1407 | D:2      | Reached XP level 4. HP: 28/38 MP: 6/6
  1868 | D:3      | Noticed Sigmund
  1882 | D:3      | Killed Sigmund
  1882 | D:3      | Reached XP level 5. HP: 9/45 MP: 0/7
  2643 | D:3      | Gained mutation: You are covered in fur. (AC +1) [potion of
                  | mutation]
  2643 | D:3      | Gained mutation: You are partially covered in yellow
                  | scales. (AC +2) [potion of mutation]
  2644 | D:3      | Lost mutation: You are covered in fur. (AC +1) [potion of
                  | mutation]
  2644 | D:3      | Lost mutation: You are partially covered in yellow scales.
                  | (AC +2) [potion of mutation]
  2644 | D:3      | Gained mutation: Your flesh is heat resistant. (rF+)
                  | [potion of mutation]
  2644 | D:3      | Gained mutation: You expend magic power (3 MP) to
                  | strengthen your wands. [potion of mutation]
  2774 | D:3      | Reached XP level 6. HP: 12/52 MP: 8/8
  3339 | D:4      | Noticed Duvessa
  3339 | D:4      | Noticed Dowan
  3362 | D:4      | Killed Duvessa
  3365 | D:4      | Noticed Edmund
  3369 | D:4      | Killed Dowan
  3391 | D:4      | Slain by Edmund

Skill      XL: |  1  2  3  4  5  6 |
---------------+-------------------+-----
Long Blades    | 2 3 4 |  4.6
Armour         | 3 4 |  4.0
Fighting       | 3 4 |  4.0
Shields        | 3 |  3.9
Short Blades   | |  0.1
Dodging        | |  0.1

Action                   |  1- 3 |  4- 6 || total
-------------------------+-------+-------++-------
Melee: Long sword        |   103 |   132 ||   235
       Dagger            |    66 |       ||    66
  Use: Scroll            |     3 |     3 ||     6
       Potion            |       |     4 ||     4
  Eat: Chunk             |     2 |     5 ||     7
Armor: Scale mail        |    89 |    24 ||   113
       Leather armour    |       |    14 ||    14
Dodge: Dodged            |    41 |    31 ||    72
Block: Shield            |    90 |    57 ||   147
       Rpst.: Long sword |     7 |     9 ||    16
